[ AOE2 MATCH · #505610087 ]
UnrankedChinese vs Persians
Player's team · WIN
Rival team · LOSS
[ REPLAY ANALYSIS · EXTRACTED FROM THE RECORDED GAME ]
Feudal
19:52
Castle
29:15
Imperial
60:21
| APM avg | 24.6 |
| APM peak | 66 |
| eAPM avg | 14.9 |
| Villagers / military | 203 / 246 |
Focus
⚔️ 29.7% · 🌾 70.3%
Chu Ko Nu ×210 · Battering Ram ×14 · Spearman ×9 · Archer ×8 · Monk ×3 · Iron Pagoda ×2
Feudal
21:45
Castle
26:52
Imperial
42:55
| APM avg | 51.8 |
| APM peak | 92 |
| eAPM avg | 21.3 |
| Villagers / military | 130 / 66 |
Focus
⚔️ 26.0% · 🌾 74.0%
Mangonel ×20 · Scorpion ×18 · Skirmisher ×16 · Trebuchet (Packed) ×5 · Monk ×3 · Knight ×3
Match map
Initial resources + every placement click. Lines = walls · curves = elevation contours. ◆ gold · ⬟ stone · ● berries · ✦ relic · ◌ wall gap
Your base· Open — unwalled flank
Smx_JBS's base· Open — unwalled flank
Smoothed initial terrain · ◌ = detected wall gap · hover for details
Inputs per minute
— Lord Snow - - Smx_JBS
Build order — Lord Snow
First 150 of 355 actions detected
| 0:00 | Research | Loom |
| 0:01 | Research | Loom |
| 0:43 | Queue | Villager (Male) |
| 1:20 | Queue | Villager (Male) |
| 1:21 | Queue | Villager (Male) |
| 1:41 | Queue | Villager (Male) |
| 2:05 | Queue | Villager (Male) |
| 2:06 | Queue | Villager (Male) |
| 2:32 | Queue | Villager (Male) |
| 3:01 | Queue | Villager (Male) |
| 3:11 | Build | Mill |
| 3:17 | Build | House |
| 3:27 | Queue | Villager (Male) |
| 3:27 | Queue | Villager (Male) |
| 3:44 | Queue | Villager (Male) |
| 4:14 | Queue | Villager (Male) |
| 4:14 | Queue | Villager (Male) |
| 4:27 | Queue | Villager (Male) |
| 4:46 | Queue | Villager (Male) |
| 5:25 | Queue | Villager (Male) |
| 5:54 | Build | Lumber Camp |
| 6:10 | Queue | Villager (Male) |
| 6:10 | Queue | Villager (Male) |
| 6:31 | Queue | Villager (Male) |
| 6:31 | Queue | Villager (Male) |
| 6:52 | Queue | Villager (Male) |
| 6:52 | Queue | Villager (Male) |
| 6:53 | Queue | Villager (Male) |
| 7:43 | Queue | Villager (Male) |
| 7:43 | Queue | Villager (Male) |
| 7:52 | Build | House |
| 8:22 | Build | Mill |
| 8:22 | Queue | Villager (Male) |
| 8:22 | Queue | Villager (Male) |
| 8:45 | Queue | Villager (Male) |
| 9:11 | Build | Farm |
| 9:29 | Queue | Villager (Male) |
| 9:33 | Build | Farm |
| 9:44 | Queue | Villager (Male) |
| 9:51 | Build | House |
| 9:55 | Build | Palisade Wall |
| 10:04 | Queue | Villager (Male) |
| 10:25 | Queue | Villager (Male) |
| 10:42 | Build | House |
| 10:44 | Build | House |
| 10:55 | Queue | Villager (Male) |
| 10:55 | Queue | Villager (Male) |
| 10:55 | Queue | Villager (Male) |
| 13:15 | Queue | Villager (Male) |
| 13:15 | Queue | Villager (Male) |
| 13:59 | Build | Mill |
| 16:19 | Build | Town Center |
| 17:42 | Research | Feudal Age |
| 18:03 | Build | Barracks |
| 18:18 | Build | Mining Camp |
| 19:07 | Build | Farm |
| 19:09 | Build | Farm |
| 19:22 | Build | Farm |
| 19:26 | Build | Farm |
| 19:47 | Queue | Villager (Male) |
| 19:52 | Age | Feudal Age |
| 19:55 | Build | Archery Range |
| 19:57 | Queue | Villager (Male) |
| 20:09 | Build | House |
| 20:16 | Queue | Villager (Male) |
| 20:30 | Queue | Archer |
| 20:48 | Queue | Archer |
| 20:54 | Queue | Villager (Male) |
| 21:02 | Build | Farm |
| 21:05 | Build | Farm |
| 21:14 | Queue | Archer |
| 21:27 | Build | Farm |
| 21:27 | Queue | Villager (Male) |
| 21:47 | Build | Mill |
| 22:00 | Queue | Villager (Male) |
| 22:00 | Queue | Villager (Male) |
| 22:03 | Build | Farm |
| 22:10 | Queue | Archer |
| 22:31 | Queue | Villager (Male) |
| 22:32 | Queue | Villager (Male) |
| 22:49 | Queue | Villager (Male) |
| 23:09 | Queue | Villager (Male) |
| 23:13 | Build | Farm |
| 23:16 | Build | Farm |
| 23:21 | Queue | Spearman |
| 23:23 | Queue | Villager (Male) |
| 23:44 | Queue | Villager (Male) |
| 23:47 | Queue | Archer ×4 |
| 23:56 | Queue | Villager (Male) |
| 24:24 | Queue | Villager (Male) |
| 24:27 | Build | House |
| 24:28 | Build | House |
| 24:40 | Queue | Villager (Male) |
| 24:46 | Queue | Villager (Male) |
| 25:05 | Build | Market |
| 25:05 | Queue | Villager (Male) |
| 26:20 | Build | Farm |
| 26:35 | Research | Castle Age |
| 26:39 | Build | Mining Camp |
| 26:59 | Queue | Spearman |
| 27:03 | Queue | Spearman ×2 |
| 27:39 | Queue | Villager (Male) |
| 27:45 | Build | Lumber Camp |
| 27:53 | Research | Stone Mining |
| 28:03 | Queue | Villager (Male) |
| 28:05 | Queue | Spearman |
| 28:06 | Queue | Spearman |
| 28:13 | Queue | Spearman |
| 28:13 | Queue | Spearman |
| 28:18 | Build | House |
| 28:21 | Build | House |
| 28:28 | Build | Blacksmith |
| 28:42 | Queue | Villager (Male) |
| 28:57 | Research | Double-Bit Axe |
| 29:15 | Age | Castle Age |
| 29:16 | Queue | Villager (Male) |
| 29:46 | Queue | Villager (Male) |
| 29:57 | Queue | Villager (Male) |
| 30:18 | Research | Fletching |
| 30:38 | Build | Castle |
| 30:52 | Queue | Villager (Male) |
| 30:54 | Queue | Spearman |
| 31:03 | Build | Farm |
| 31:08 | Build | Farm |
| 31:52 | Build | Mining Camp |
| 31:56 | Queue | Villager (Male) |
| 32:18 | Research | Bodkin Arrow |
| 32:25 | Queue | Villager (Male) |
| 32:26 | Queue | Villager (Male) |
| 32:47 | Build | Siege Workshop |
| 32:52 | Queue | Villager (Male) |
| 33:08 | Build | Monastery |
| 33:10 | Queue | Villager (Male) |
| 33:29 | Queue | Villager (Male) |
| 33:29 | Queue | Villager (Male) |
| 33:48 | Queue | Iron Pagoda |
| 34:05 | Build | Mining Camp |
| 34:09 | Queue | Villager (Male) |
| 34:15 | Queue | Monk |
| 34:26 | Queue | Villager (Male) |
| 34:47 | Queue | Villager (Male) |
| 34:53 | Queue | Monk |
| 35:06 | Queue | Villager (Male) |
| 35:13 | Queue | Monk |
| 35:25 | Queue | Villager (Male) |
| 35:41 | Queue | Chu Ko Nu |
| 35:41 | Queue | Chu Ko Nu |
| 35:55 | Queue | Villager (Male) |
| 35:57 | Queue | Villager (Male) |
| 36:08 | Queue | Chu Ko Nu ×3 |
Build order — Smx_JBS
First 150 of 335 actions detected
| 0:01 | Queue | Villager (Male) |
| 0:01 | Queue | Villager (Male) |
| 0:01 | Queue | Villager (Male) |
| 0:02 | Queue | Villager (Male) |
| 0:02 | Queue | Villager (Male) |
| 0:03 | Build | House |
| 0:04 | Build | House |
| 1:35 | Queue | Villager (Male) |
| 1:35 | Queue | Villager (Male) |
| 1:59 | Queue | Villager (Male) |
| 1:59 | Queue | Villager (Male) |
| 2:11 | Queue | Villager (Male) |
| 3:03 | Queue | Villager (Male) |
| 3:03 | Queue | Villager (Male) |
| 3:04 | Queue | Villager (Male) |
| 3:46 | Build | House |
| 3:57 | Queue | Villager (Male) |
| 3:57 | Queue | Villager (Male) |
| 3:57 | Queue | Villager (Male) |
| 3:57 | Queue | Villager (Male) |
| 4:04 | Research | Loom |
| 4:04 | Research | Loom |
| 4:05 | Queue | Villager (Male) |
| 4:06 | Queue | Villager (Male) |
| 4:06 | Queue | Villager (Male) |
| 4:06 | Queue | Villager (Male) |
| 5:28 | Queue | Villager (Male) |
| 5:28 | Queue | Villager (Male) |
| 5:41 | Queue | Villager (Male) |
| 5:41 | Queue | Villager (Male) |
| 6:22 | Queue | Villager (Male) |
| 6:22 | Queue | Villager (Male) |
| 7:07 | Queue | Villager (Male) |
| 7:07 | Queue | Villager (Male) |
| 7:07 | Queue | Villager (Male) |
| 7:44 | Queue | Villager (Male) |
| 7:54 | Build | Lumber Camp |
| 8:01 | Build | House |
| 8:45 | Queue | Villager (Male) |
| 8:45 | Queue | Villager (Male) |
| 8:46 | Queue | Villager (Male) |
| 9:27 | Queue | Villager (Male) |
| 9:27 | Queue | Villager (Male) |
| 9:27 | Queue | Villager (Male) |
| 9:28 | Queue | Villager (Male) |
| 9:28 | Queue | Villager (Male) |
| 9:32 | Build | House |
| 11:12 | Build | Town Center |
| 12:44 | Queue | Villager (Male) |
| 12:44 | Queue | Villager (Male) |
| 13:26 | Queue | Villager (Male) |
| 13:26 | Queue | Villager (Male) |
| 13:57 | Queue | Villager (Male) |
| 13:58 | Queue | Villager (Male) |
| 14:25 | Queue | Villager (Male) |
| 14:25 | Queue | Villager (Male) |
| 14:38 | Build | Mill |
| 14:47 | Queue | Villager (Male) |
| 15:44 | Queue | Villager (Male) |
| 15:45 | Queue | Villager (Male) |
| 15:45 | Queue | Villager (Male) |
| 16:13 | Queue | Villager (Male) |
| 16:14 | Queue | Villager (Male) |
| 16:39 | Build | Palisade Wall |
| 16:41 | Build | Palisade Wall |
| 16:43 | Build | Palisade Wall |
| 16:55 | Queue | Villager (Male) |
| 16:56 | Queue | Villager (Male) |
| 17:16 | Build | Farm |
| 17:19 | Build | Farm |
| 17:22 | Build | Farm |
| 17:22 | Build | Farm |
| 17:29 | Queue | Villager (Male) |
| 18:21 | Queue | Villager (Male) |
| 19:35 | Build | Mining Camp |
| 19:42 | Research | Feudal Age |
| 19:42 | Research | Feudal Age |
| 20:17 | Build | Barracks |
| 20:36 | Build | House |
| 21:40 | Queue | Villager (Male) |
| 21:40 | Queue | Villager (Male) |
| 21:45 | Age | Feudal Age |
| 21:51 | Build | Stable |
| 22:01 | Build | Market |
| 22:52 | Build | Palisade Wall |
| 23:04 | Build | Farm |
| 23:05 | Build | Farm |
| 23:27 | Queue | Villager (Male) |
| 23:32 | Build | House |
| 23:37 | Build | Palisade Wall |
| 23:39 | Build | Palisade Wall |
| 24:26 | Research | Castle Age |
| 24:27 | Research | Castle Age |
| 24:27 | Research | Castle Age |
| 24:41 | Build | Farm |
| 25:23 | Build | Farm |
| 26:32 | Queue | Villager (Male) |
| 26:51 | Research | Double-Bit Axe |
| 26:51 | Research | Double-Bit Axe |
| 26:52 | Age | Castle Age |
| 27:01 | Build | Blacksmith |
| 27:03 | Queue | Knight |
| 27:03 | Queue | Knight |
| 27:21 | Build | Siege Workshop |
| 27:32 | Queue | Villager (Male) |
| 27:41 | Queue | Scorpion |
| 28:08 | Queue | Villager (Male) |
| 28:52 | Queue | Villager (Male) |
| 28:54 | Queue | Villager (Male) |
| 29:24 | Queue | Villager (Male) |
| 29:24 | Queue | Villager (Male) |
| 29:27 | Build | Farm |
| 29:30 | Queue | Villager (Male) |
| 29:30 | Queue | Villager (Male) |
| 29:40 | Build | Town Center |
| 29:47 | Queue | Scorpion |
| 29:48 | Queue | Villager (Male) |
| 29:52 | Research | Bow Saw |
| 29:53 | Research | Bow Saw |
| 29:56 | Build | Lumber Camp |
| 30:00 | Build | House |
| 30:20 | Build | Farm |
| 30:37 | Queue | Scorpion |
| 30:53 | Queue | Scorpion |
| 31:06 | Queue | Scorpion |
| 31:48 | Build | Lumber Camp |
| 32:25 | Queue | Villager (Male) |
| 32:25 | Queue | Villager (Male) |
| 32:30 | Build | Farm |
| 32:34 | Queue | Villager (Male) |
| 32:41 | Queue | Villager (Male) |
| 33:08 | Build | Monastery |
| 33:18 | Queue | Villager (Male) |
| 33:19 | Queue | Villager (Male) |
| 33:26 | Queue | Scorpion |
| 33:31 | Build | House |
| 33:40 | Queue | Mangonel |
| 33:45 | Build | House |
| 34:04 | Build | House |
| 34:07 | Queue | Monk |
| 34:09 | Build | House |
| 34:16 | Queue | Villager (Male) |
| 34:16 | Queue | Villager (Male) |
| 34:17 | Queue | Villager (Male) |
| 34:22 | Research | Horse Collar |
| 34:22 | Research | Horse Collar |
| 34:49 | Build | Mining Camp |
| 34:58 | Queue | Villager (Male) |
| 34:58 | Queue | Villager (Male) |
| 34:59 | Queue | Villager (Male) |
Match timeline
| 9:55 | Lord Snow · wall_segment Palisade Wall x8 |
| 16:39 | Smx_JBS · wall_segment Palisade Wall x1 |
| 16:41 | Smx_JBS · wall_segment Palisade Wall x1 |
| 16:43 | Smx_JBS · wall_segment Palisade Wall x1 |
| 18:03 | Lord Snow · first_building Barracks |
| 19:52 | Lord Snow · age_up feudal |
| 19:55 | Lord Snow · first_building Archery Range |
| 20:17 | Smx_JBS · first_building Barracks |
| 21:45 | Smx_JBS · age_up feudal |
| 21:51 | Smx_JBS · first_building Stable |
| 22:52 | Smx_JBS · wall_segment Palisade Wall x1 |
| 23:37 | Smx_JBS · wall_segment Palisade Wall x4 |
| 23:39 | Smx_JBS · wall_segment Palisade Wall x5 |
| 24:21 | Smx_JBS · first_market_buy 100 food |
| 24:22 | Smx_JBS · first_market_sell 100 wood |
| 26:13 | Lord Snow · first_market_buy 100 food |
| 26:52 | Smx_JBS · age_up castle |
| 27:21 | Smx_JBS · first_building Siege Workshop |
| 29:15 | Lord Snow · age_up castle |
| 30:38 | Lord Snow · first_building Castle |
| 32:02 | Lord Snow · first_market_sell 100 stone |
| 32:47 | Lord Snow · first_building Siege Workshop |
| 33:08 | Smx_JBS · first_building Monastery |
| 33:08 | Lord Snow · first_building Monastery |
| 35:35 | Smx_JBS · wall_segment Palisade Wall x10 |
| 41:58 | Smx_JBS · first_building Castle |
| 42:55 | Smx_JBS · age_up imperial |
| 44:15 | Smx_JBS · wall_segment Palisade Wall x1 |
| 45:49 | Smx_JBS · wall_segment Palisade Wall x1 |
| 50:09 | Smx_JBS · wall_segment Palisade Wall x1 |
| 50:11 | Smx_JBS · wall_segment Palisade Wall x1 |
| 56:27 | Smx_JBS · wall_segment Palisade Wall x1 |
| 57:29 | Smx_JBS · first_building Archery Range |
| 60:21 | Lord Snow · age_up imperial |
| 62:19 | Lord Snow · first_building Stable |
| 65:06 | Smx_JBS · resign |
[ AI ANALYSIS · 1 CREDIT ]
What really happened in this match?
Wolo.gg analyzes every decision: build order, eco, micro, common mistakes by bracket. Personalized analysis on WhatsApp or Discord in 30 seconds.
Civ guide
Chinese
Perfil
Jugador #8242611